 Dungeon Crawl Stone Soup version 0.20.1-1-g8b1a95d (webtiles) character file.

14681 CountDeLaPain the Impaler (level 12, -4/87 HPs)
             Began as a Merfolk Gladiator on Sept 29, 2017.
             Was a Believer of Hepliaklqana.
             Killed from afar by an ice statue (21 damage)
             ... with a freezing blast
             ... in an ice cave on Sept 30, 2017.
             The game lasted 00:45:24 (16438 turns).

CountDeLaPain the Impaler (Merfolk Gladiator)      Turns: 16438, Time: 00:45:24

Health: -4/87      AC: 16    Str: 23    XL:     12   Next: 19%
Magic:  12/12      EV: 16    Int:  8    God:    Hepliaklqana [**....]
Gold:   554        SH:  0    Dex: 16    Spells: 11/11 levels left

rFire    . . .     SeeInvis .   a - +0 trident
rCold    . . .     Gourm    .   (no shield)
rNeg     + . .     Faith    .   E - +1 pearl dragon scales
rPois    +         Spirit   .   c - +0 helmet
rElec    .         Reflect  .   (no cloak)
rCorr    .         Harm     .   (no gloves)
MR       .....                  I - +0 pair of boots
Stlth    +++.......             (no amulet)
Regen    0.3/turn               D - +5 ring of strength
MPRegen  0.2/turn               R - ring of poison resistance

@: no status effects
A: change form in water, swift swim, stealthy swim, reduced essence
a: Recall Ancestor, Ancestor Identity, Renounce Religion


You were in an ice cave.
You worshipped Hepliaklqana.
Hepliaklqana was pleased with you.
You were not hungry.

You visited 3 branches of the dungeon, and saw 12 of its levels.
You also visited: Ossuary and Ice Cave.

You collected 754 gold pieces.
You spent 200 gold pieces at shops.

Inventory:

Hand Weapons
 a - a +0 trident (weapon)
Missiles
 d - 4 throwing nets (quivered)
Armour
 c - a +0 helmet (worn)
 h - a +0 pair of gloves
 y - a +0 leather armour
 E - +1 pearl dragon scales (worn)
 I - a +0 pair of boots (worn)
Jewellery
 s - an uncursed ring of resist corrosion
 D - a +5 ring of strength (left hand)
 H - a +1 ring of evasion
 J - an uncursed ring of see invisible
 Q - a +2 ring of strength
 R - a ring of poison resistance (right hand)
 U - an uncursed ring of magical power
Wands
 L - a wand of confusion (24/48)
 M - a wand of lightning (7/15)
 N - a wand of iceblast (7/15)
 P - a wand of polymorph (7/24)
 V - a wand of clouds (8/9)
 Z - a wand of flame (29/48)
Scrolls
 i - 4 scrolls of fog
 n - 4 scrolls of amnesia
 o - a scroll of noise {unknown}
 p - a scroll of enchant weapon {unknown}
 q - 8 scrolls of remove curse
 w - 2 scrolls of enchant armour
 x - 2 scrolls of immolation {unknown}
 B - 2 scrolls of recharging
 C - 4 scrolls of teleportation
 K - a scroll of identify
Potions
 e - 3 potions of curing
 g - 2 potions of magic {unknown}
 k - a potion of lignification {unknown}
 l - 2 potions of resistance
 m - a potion of invisibility {unknown}
 r - 2 potions of flight
 u - 2 potions of might
 v - a potion of mutation {unknown}
 z - 3 potions of heal wounds
 A - 2 potions of cancellation {unknown}
 G - 3 potions of haste {unknown}
 S - a potion of degeneration {unknown}
 W - a potion of agility
 X - a potion of ambrosia {unknown}
Books
 t - a book of Callings

   Spells                             Type                      Level
   a - Summon Small Mammal            Summoning                    1
   b - Call Imp                       Summoning                    2
   c - Call Canine Familiar           Summoning                    3
   d - Summon Guardian Golem          Hexes/Summoning              3
   e - Summon Lightning Spire         Summoning/Air                4
   f - Summon Ice Beast               Ice/Summoning                4
 T - a book of Misfortune

   Spells                             Type                      Level
   a - Confusing Touch                Hexes                        1
   b - Confuse                        Hexes                        3
   c - Gell's Gravitas                Translocation                3
   d - Petrify                        Transmutation/Earth          4
   e - Metabolic Englaciation         Hexes/Ice                    5
   f - Yara's Violent Unravelling     Hexes/Transmutation          5
Comestibles
 b - 6 meat rations
 f - 9 bread rations
 j - 16 fruits
 F - 6 royal jellies
 O - 5 chunks of flesh


   Skills:
 + Level 9.7 Fighting
 + Level 15.0 Polearms
 + Level 2.6 Throwing
 + Level 6.9 Armour
 + Level 9.6 Dodging
 * Level 9.3 Stealth


You had 11 spell levels left.
You didn't know any spells.

Dungeon Overview and Level Annotations

Branches:
Dungeon (8/15)             Temple (1/1) D:6            Lair (3/6) D:8
 Shoals (0/4) Lair:2        Snake (0/4) Lair:2

Altars:
Ashenzari
Cheibriados
Dithmenos
Elyvilon
Fedhas
Gozag
Hepliaklqana
Kikubaaqudgha
Makhleb
Nemelex Xobeh
Okawaru
Qazlal
Ru
Sif Muna
Trog
Uskayaw
Vehumet
Xom
Yredelemnul
Zin
The Shining One

Shops:
D:7 :   D:8 =

Annotations:
IceCv exclusion: ice statue


Message History

Okay, then.
Really walk into a travel-excluded area?
Really walk into a travel-excluded area?
The ice statue gestures at you. The shard of ice hits you!
You puncture the ice statue!
The ice statue is lightly damaged.
The ice statue glitters chillingly in the dim dungeon light.
The ice statue gestures at you. The freezing blast engulfs you!
You hit the ice statue but do no damage.
The ice statue is lightly damaged.
You are engulfed in freezing vapours.
Octavius is engulfed in freezing vapours.
Octavius hits the ice statue but does no damage.
You swap places.
You are engulfed in freezing vapours.
* * * LOW HITPOINT WARNING * * *
The ice statue gestures at you. The freezing blast engulfs you!
You die...

#..# ##.....## ##.##
##.......# #### #.#.#
#........# ##..######R##
##........#
#....##....####.........#
..........###.............
.∩.∩.......#..............
.......##....##.§........#
#....#####..####@§.......
##..## #### #8R§§.....
#### ##§§...... ##§.....#
#....## #..## ###


You could see the friendly Octavius the battlemage and an ice statue.

Vanquished Creatures
  2 hydras
  A manticore (Lair:2)
  5 spiny frogs
  A rime drake (IceCv)
  2 hippogriffs
  7 yaks
  A basilisk (Lair:1)
  3 nagas (Lair:2)
  Duvessa (D:7)
  6 water moccasins
  A sky beast (D:6)
  2 orc warriors
  A phantom (D:6)
  5 wolves (Lair:2)
  8 ice beasts
  2 ogres (D:8)
  5 centaurs
  4 crocodiles
  A big kobold (D:7)
  12 bullfrogs
  An elf zombie (Ossuary)
  Dowan (D:7)
  5 scorpions
  7 killer bees (D:8)
  2 howler monkeys
  A crimson imp (D:6)
  A bullfrog zombie (D:6)
  2 hounds (D:7)
  A human zombie (Ossuary)
  A centaur zombie (D:6)
  7 orc priests
  A bullfrog skeleton (D:6)
  2 iguanas (D:4)
  2 orc wizards
  A centaur skeleton (D:6)
  3 worker ants
  A big kobold zombie (Ossuary)
  2 hound zombies (Ossuary)
  A hound skeleton (D:4)
  3 mummies (Ossuary)
  A howler monkey zombie (D:4)
  5 adders
  2 gnolls (D:5)
  3 shadow imps
  An ooze (D:2)
  A worm zombie (D:7)
  2 adder skeletons
  4 adder zombies (Ossuary)
  4 worms
  2 dart slugs (D:1)
  4 leopard geckos
  13 orcs
  3 bats
  5 giant cockroaches
  A gnoll zombie (Ossuary)
  6 goblins
  A hobgoblin (D:6)
  10 jackals
  A quokka (D:5)
  2 ball pythons (D:4)
  6 frilled lizards
  4 goblin zombies (Ossuary)
  2 hobgoblin zombies (Ossuary)
  2 jackal skeletons
  5 jackal zombies
  27 kobolds
  4 kobold zombies (Ossuary)
  2 leopard gecko skeletons
  3 orc zombies (Ossuary)
  3 quokka zombies (Ossuary)
  9 rats
  5 rat zombies (Ossuary)
258 creatures vanquished.

Vanquished Creatures (collateral kills)
  An ice statue (IceCv)
  A rime drake (IceCv)
  A hippogriff (Lair:2)
  3 yaks
  A basilisk (Lair:3)
  A naga (Lair:2)
  A water moccasin (Lair:1)
  2 porcupines
  An orc warrior (D:8)
  A black bear (D:8)
  11 ice beasts
  5 wolves (Lair:2)
  3 crocodiles
  2 orc priests (D:8)
  2 hounds (D:8)
  A gnoll (D:5)
  An adder (D:8)
  3 orcs (D:8)
41 creatures vanquished.

Vanquished Creatures (others)
  5 battlemagi
  7 ancestors
  8 fungi
  3 plants
23 creatures vanquished.

Grand Total: 322 creatures vanquished

Notes
Turn   | Place    | Note
-------+----------+-------------------------------------------
     0 | D:1      | CountDeLaPain the Merfolk Gladiator began the quest for the Orb.
     0 | D:1      | Reached XP level 1. HP: 16/16 MP: 1/1
   226 | D:1      | Reached XP level 2. HP: 23/23 MP: 2/2
   452 | D:1      | Reached skill level 5 in Polearms
   583 | D:1      | Reached XP level 3. HP: 28/28 MP: 3/3
  1456 | D:2      | Reached XP level 4. HP: 34/34 MP: 4/4
  2076 | D:3      | Found a hide-covered altar of Uskayaw.
  2077 | D:3      | Found a glowing golden altar of the Shining One.
  2078 | D:3      | Found a shattered altar of Ashenzari.
  2078 | D:3      | Found a shimmering altar of Xom.
  2078 | D:3      | Found a blossoming altar of Fedhas.
  2245 | D:3      | Reached skill level 6 in Polearms
  2602 | D:3      | Reached skill level 5 in Dodging
  2790 | D:4      | Got a pair of faintly glowing gloves
  2801 | D:4      | Identified the cursed +0 pair of gloves of Merer Wuobb {rF- Int+8 Stlth-} (You found it on level 4 of the Dungeon)
  2888 | D:4      | Reached XP level 5. HP: 39/40 MP: 5/5
  3129 | D:4      | Reached skill level 7 in Polearms
  3291 | D:4      | Reached XP level 6. HP: 32/47 MP: 6/6
  3724 | D:4      | Found a deep blue altar of Sif Muna.
  4012 | D:5      | Entered Level 5 of the Dungeon
  4025 | D:5      | Reached skill level 8 in Polearms
  4025 | D:5      | Reached skill level 1 in Stealth
  4427 | D:5      | Reached XP level 7. HP: 25/52 MP: 7/7
  5215 | D:5      | Reached skill level 9 in Polearms
  5272 | D:5      | You fall through a shaft for 2 floors!
  5290 | D:7      | Found a white marble altar of Elyvilon.
  5290 | D:7      | Found a radiant altar of Vehumet.
  5315 | D:7      | Noticed Duvessa
  5703 | D:7      | Found Axzarem Loacs's Book Emporium.
  5766 | D:7      | Found a sand-covered staircase.
  5775 | Ossuary  | Entered an ossuary
  5989 | Ossuary  | Reached skill level 10 in Polearms
  5989 | Ossuary  | Reached XP level 8. HP: 45/61 MP: 8/8
  6577 | D:7      | Noticed Dowan
  7016 | D:6      | Reached skill level 5 in Fighting
  7065 | D:6      | Reached skill level 1 in Armour
  7172 | D:6      | Reached skill level 11 in Polearms
  7532 | D:6      | Reached XP level 9. HP: 32/69 MP: 9/9
  7947 | D:6      | You fall through a shaft for 2 floors!
  8139 | D:7      | Killed Duvessa
  8165 | D:7      | Killed Dowan
  8613 | D:6      | Reached skill level 12 in Polearms
  8869 | D:6      | Found a staircase to the Ecumenical Temple.
  8893 | Temple   | Entered the Ecumenical Temple
  8947 | Temple   | Became a worshipper of Hepliaklqana the Forgotten
  9236 | D:6      | Reached skill level 5 in Stealth
  9780 | D:8      | Found Mugaso's Jewellery Shop.
 10274 | D:8      | Reached XP level 10. HP: 66/69 MP: 10/10
 10683 | D:8      | Reached skill level 13 in Polearms
 11346 | D:8      | Reached * piety under Hepliaklqana
 11348 | D:8      | Found a staircase to the Lair.
 11547 | D:8      | Bought an uncursed ring of poison resistance for 200 gold pieces
 11588 | Lair:1   | Entered Level 1 of the Lair of Beasts
 11731 | Lair:1   | Noticed a five-headed hydra
 11744 | Lair:1   | Killed a five-headed hydra
 12009 | Lair:1   | Noticed a spiny frog
 12023 | Lair:1   | Killed a spiny frog
 12165 | Lair:1   | Noticed a spiny frog
 12178 | Lair:1   | Killed a spiny frog
 12303 | Lair:1   | Reached skill level 14 in Polearms
 12780 | Lair:2   | Reached XP level 11. HP: 77/77 MP: 11/11
 12800 | Lair:1   | Reached skill level 5 in Armour
 13335 | Lair:2   | Found a staircase to the Snake Pit.
 13759 | Lair:2   | Reached ** piety under Hepliaklqana
 13833 | Lair:1   | Remembered your ancestor Octavius as a battlemage
 14303 | Lair:2   | Noticed a seven-headed hydra
 14314 | Lair:2   | Killed a seven-headed hydra
 14567 | Lair:2   | Found a staircase to the Shoals.
 14567 | Lair:2   | Noticed a manticore
 15077 | Lair:2   | Killed a manticore
 15747 | Lair:3   | Found a frozen archway.
 15810 | Lair:3   | Reached skill level 15 in Polearms
 15861 | IceCv    | Entered an ice cave
 15872 | IceCv    | Reached XP level 12. HP: 73/85 MP: 12/12
 16438 | IceCv    | Killed from afar by an ice statue

Skill      XL: |  1  2  3  4  5  6  7  8  9 10 11 |
---------------+----------------------------------+-----
Polearms       | 5 6 7 8 10 11 12 14 15 | 15.0
Dodging        | 5 6 7 8 9 |  9.6
Fighting       | 3 4 5 6 7 9 |  9.7
Stealth        | 1 2 3 5 7 9 |  9.3
Armour         | 1 3 4 6 |  6.9
Throwing       | |  2.6

Action                   |  1- 3 |  4- 6 |  7- 9 | 10-12 || total
-------------------------+-------+-------+-------+-------++-------
Melee: Trident           |   105 |   217 |   720 |   551 ||  1593
Throw: Throwing net      |       |     1 |     3 |       ||     4
Invok: Recall Ancestor   |       |       |       |     2 ||     2
       Ancestor Life: Ba |       |       |       |     1 ||     1
  Use: Scroll            |     1 |     2 |     4 |    11 ||    18
       Potion            |       |     2 |     1 |       ||     3
 Stab: Sleeping          |       |     5 |     2 |     1 ||     8
       Distracted        |       |       |       |     8 ||     8
  Eat: Chunk             |     2 |     8 |    14 |    20 ||    44
       Fruit             |       |     1 |     1 |       ||     2
       Bread ration      |       |       |     1 |       ||     1
Armor: Leather armour    |    36 |    40 |    46 |       ||   122
       Pearl dragon scal |       |       |   167 |   189 ||   356
Dodge: Dodged            |    91 |   153 |   485 |   367 ||  1096
